 Dungeon Crawl Stone Soup version 0.28-a0-1624-g820543e53a (webtiles) character file.

Game seed: 160824641555181952

65 HallandMoats the Skirmisher (level 4, -1/40 HPs)
             Began as a Ghoul Fighter on Jan 24, 2022.
             Slain by an ogre (17 damage)
             ... on level 2 of the Dungeon.
             The game lasted 00:01:32 (1334 turns).

HallandMoats the Skirmisher (Ghoul Fighter)         Turns: 1334, Time: 00:01:33

Health: -1/40      AC:  6    Str: 19    XL:     4   Next: 14%
Magic:  3/3        EV:  9    Int:  5    God:
Gold:   63         SH:  6    Dex:  8    Spells: 3/3 levels left

rFire   . . .      SeeInvis .   a - +0 long sword
rCold   + . .      Faith    .   j - +2 buckler
rNeg    + + +      Spirit   .   b - +0 scale mail
rPois   ∞          Reflect  .   (no helmet)
rElec   .          Harm     .   (no cloak)
rCorr   .          Rampage  .   (no gloves)
Will    .....                   (no boots)
Stlth   ..........              (no amulet)
HPRegen 0.00/turn               (no ring)
MPRegen 0.08/turn               (no ring)

@: mighty, inhibited regen
A: claws 1, cold resistance 1, negative energy resistance 3, inhibited
regeneration, torment resistance 2
a: no special abilities


You were on level 2 of the Dungeon.
You visited 1 branch of the dungeon, and saw 2 of its levels.

You collected 63 gold pieces.

Inventory:

Hand Weapons
 a - a +0 long sword (weapon)
Armour
 b - a +0 scale mail (worn)
 j - a +2 buckler (worn)
Scrolls
 c - a scroll of enchant armour {unknown}
 h - a scroll of amnesia {unknown}
Potions
 e - a potion of berserk rage {unknown}
 f - a potion of mutation {unknown}
 g - a potion of attraction {unknown}
 i - a potion of brilliance {unknown}


   Skills:
 * Level 4.0 Fighting
 * Level 2.5 Long Blades
 + Level 3.0 Armour
 + Level 1.0 Dodging
 + Level 2.9 Shields


You had 3 spell levels left.
You didn't know any spells.
Your spell library was empty.

Dungeon Overview and Level Annotations

Branches:
Dungeon (2/15)

Altars:


Innate Abilities, Weirdness & Mutations

You thrive by killing the living.
You are immune to poison.
You have sharp fingernails.
Your flesh is cold resistant. (rC+)
You are immune to negative energy. (rN+++)
You do not regenerate when monsters are visible.
You are immune to unholy pain and torment.


Message History

The worm bites you.
You slash the worm!
The worm is severely wounded.
You block the worm's attack.
You slash the worm!
You kill the worm!
No target in view!
No target in view!
No target in view!
No target in view!
No target in view!
No target in view!
No target in view!
No target in view!
No target in view!
No target in view!
No target in view!
No target in view!
No target in view!
You see here a worm corpse.
Found a stone staircase leading down.
Found a hand axe.
There is a stone staircase leading down here.
You see here a +0 ring mail.
An ogre comes into view. It is wielding a +0 giant club.
The ogre shouts!
You hear a shout!
The ogre moves out of view.
You feel very mighty all of a sudden.
A goblin comes into view. It is wielding a +0 club.
You slash the ogre!
The ogre is heavily wounded.
You block the ogre's attack.
You hit the ogre.
The ogre is severely wounded.
The ogre hits you with a +0 giant club!!
Ouch! That really hurt!
You slash the ogre!
The ogre is almost dead.
The ogre hits you with a +0 giant club!
You die...

.......... #.#
#######.## #### #..
#.# ..... #.# .#
#.# ..... ###.# ..
#.# ...... ...# .#
#.#
#.g..###.######.#
#.#
##.##.O..........#
#.#
.......@.........#
#÷#
...##..##.###..###
#.## #..?..# #..#
#... ##.##.# ##.##
#..# #.
#.####..#####÷.#
#.................#
#.##........†..#..#
#. ########.####..#
#..............


You could see an ogre and a goblin.

Vanquished Creatures
  An adder (D:2)
  A worm (D:2)
  A dart slug (D:1)
  5 ball pythons
  2 endoplasms (D:2)
  4 giant cockroaches
  3 goblins
  6 hobgoblins
  4 jackals (D:2)
  2 quokkas (D:1)
  7 bats
  4 frilled lizards
  3 kobolds
  6 rats
49 creatures vanquished.

Notes
Turn   | Place    | Note
-------+----------+-------------------------------------------
     0 | D:1      | HallandMoats the Ghoul Fighter began the quest for the Orb.
     0 | D:1      | Reached XP level 1. HP: 19/19 MP: 0/0
    39 | D:1      | Reached XP level 2. HP: 20/26 MP: 1/1
   348 | D:1      | Reached XP level 3. HP: 33/33 MP: 2/2
   817 | D:2      | Reached skill level 1 in Dodging
   936 | D:2      | Reached XP level 4. HP: 15/40 MP: 3/3
  1001 | D:2      | Reached skill level 4 in Fighting
  1326 | D:2      | Noticed an ogre
  1334 | D:2      | Slain by an ogre

Illustrated notes

Levels and vault maps discovered:
D:1:      lemuel_arrival_tunnels, layout_rooms
D:2:      layout_basic, hellmonk_ecumenical_altar_heavens_door, uniq_robin

Skill      XL: |  1  2  3  4 |
---------------+-------------+-----
Long Blades    | 2 |  2.5
Dodging        | 1 |  1.0
Armour         | 3 |  3.0
Fighting       | 4 |  4.0
Shields        | |  2.9

Action                   |  1- 3 |  4- 6 || total
-------------------------+-------+-------++-------
Melee: Long sword        |   113 |    18 ||   131
  Use: Potion            |       |     1 ||     1
Armor: Scale mail        |    79 |     4 ||    83
Dodge: Dodged            |    74 |     7 ||    81
Block: Buckler           |    37 |     4 ||    41

Table legend: (Time is in decaauts)
 A = Elapsed time spent in this place.
 B = Non-inter-level travel time spent in this place.
 C = Inter-level travel time spent in this place.
 D = Time resting spent in this place.
 E = Time spent auto-exploring this place.
 F = Levels seen in this place.
 G = Mean time per level.
                   A        B        C        D        E       F      G
               +--------+--------+--------+--------+--------+-----+--------+
         Total |   1377 |   1351 |     26 |     51 |    972 |   2 |  688.5 |
       Dungeon |   1377 |   1351 |     26 |     51 |    972 |   2 |  688.5 |
               +--------+--------+--------+--------+--------+-----+--------+

Top non-repeatable levels by time:
     D:1: 723 daAuts
     D:2: 653 daAuts
